 Dungeon Crawl Stone Soup version 0.28.0-53-g5a82cb258f (webtiles) character file.

Game seed: 1555553627304561027

4109 MalarOregon the Cleaver (level 10, 0/88 HPs)
             Began as a Palentonga Fighter on June 12, 2022.
             Was a Believer of Qazlal.
             Slain by a yak (14 damage)
             ... on level 9 of the Dungeon.
             The game lasted 00:13:19 (9440 turns).

MalarOregon the Cleaver (Palentonga Fighter)        Turns: 9440, Time: 00:13:20

Health: 0/88       AC: 16    Str: 23    XL:     10   Next: 6%
Magic:  10/10      EV:  8    Int:  9    God:    Qazlal [**....]
Gold:   274        SH:  6    Dex: 10    Spells: 9/9 levels left

rFire   . . .      SeeInvis +   a - +0 war axe
rCold   + . .      Faith    .   c - +0 buckler
rNeg    . . .      Spirit   .   l - +0 acid dragon scales
rPois   .          Reflect  .   (no helmet)
rElec   .          Harm     .   (no cloak)
rCorr   +          Rampage  .   g - +2 pair of gloves
Will    .....                   (no barding)
Stlth   +.........              (no amulet)
HPRegen 0.24/turn               o - ring of protection from cold
MPRegen 0.12/turn               (no ring)

@: hasted, invisible, curled up, very quick
A: large, rugged brown scales 3, see invisible, deformed body, roll 1, armoured
tail, reflexive curl
a: Rolling Charge, Renounce Religion, Upheaval


You were on level 9 of the Dungeon.
You worshipped Qazlal.
Qazlal was pleased with you.
You visited 2 branches of the dungeon, and saw 10 of its levels.

You collected 476 gold pieces.
You spent 202 gold pieces at shops.


Innate Abilities, Weirdness & Mutations

You are completely covered in rugged brown scales. (AC +3, +7% HP)
You have supernaturally acute eyesight. (SInv)
Armour fits poorly on your strangely shaped body.
You can roll at nearby foes to attack.
You have a long armoured tail.
You curl defensively after being hit. (AC +7*)


   Skills:
 + Level 9.0 Fighting
 * Level 12.0 Axes
 - Level 2.4 Armour
 - Level 2.4 Shields


You had 9 spell levels left.
You didn't know any spells.
Your spell library contained the following spells:

 Spells                   Type           Power      Damage    Failure   Level
 Inner Flame              Hex/Fire       0%         N/A       88%         3
 Portal Projectile        Hex/Tloc       0%         N/A       88%         3
 Cause Fear               Hex            0%         N/A       99%         4
 Blade Hands              Tmut           0%         N/A       100%        5
 Excruciating Wounds      Necr           0%         N/A       100%        5
 Discord                  Hex            0%         N/A       100%        8

Inventory:

Hand Weapons
 a - a +0 war axe (weapon)
Missiles
 m - 15 poisoned darts
 s - a curare-tipped dart {!f}
 v - 2 throwing nets {!f}
Armour
 c - a +0 buckler (worn)
 g - a +2 pair of gloves (worn)
   (You found it on level 3 of the Dungeon)
 l - +0 acid dragon scales (worn)
   (You found it on level 5 of the Dungeon)
 r - a +1 leather armour of poison resistance
   (You took it off Eustachio on level 5 of the Dungeon)
Jewellery
 o - a ring of protection from cold (left hand)
   (You found it on level 1 of the Dungeon)
 y - a +6 ring of intelligence
   (You found it on level 5 of the Dungeon)
Wands
 d - a wand of iceblast (9)
   (You found it on level 8 of the Dungeon)
 t - a wand of flame (26) (quivered)
   (You took it off Sigmund on level 2 of the Dungeon)
Scrolls
 e - 2 scrolls of vulnerability {!r}
 i - 4 scrolls of fog
 n - 6 scrolls of teleportation {@r4}
 q - 3 scrolls of magic mapping
 x - a scroll of blinking {unknown}
 z - a scroll of amnesia {unknown}
 C - a scroll of identify {@r1}
 D - 4 scrolls of fear
Potions
 b - 2 potions of lignification {!q}
 h - 2 potions of haste {@q3}
 j - a potion of mutation {!q}
 k - 3 potions of curing {@q1}
 u - a potion of invisibility
 w - a potion of cancellation
 A - 2 potions of brilliance

Dungeon Overview and Level Annotations

Branches:
Dungeon (9/15)             Temple (1/1) D:6            Lair (0/6) D:8
    Orc: D:9-12

Altars:
Ashenzari
Dithmenos
Elyvilon
Fedhas
Gozag
Hepliaklqana
Kikubaaqudgha
Makhleb
Nemelex Xobeh
Okawaru
Qazlal
Ru
Sif Muna
Trog
Vehumet
Wu Jian
Xom
Yredelemnul
Zin
The Shining One

Shops:
D:6

? **************### #########
****≈≈≈,,.,,≈≈,,,#.# #.....#<#
≈≈≈,,≈,,≈≈.,,≈**,#.#####.#.#.#
,,,,,,≈≈,...≈,,,,#.'.#...#...#
,≈≈≈,≈,,,..≈.,,###.#.#.#####.#***
,,,,,,≈≈,...≈.,#...#†#...#,..#,,,
≈≈≈,,≈,,≈≈...≈Y###.#...#.###..,**
****≈≈≈,,...≈≈YY@..###.#.....##*
,,,,,****########§## ###*##.##
****,* ****#...# *,.# ****+**
*,.....## *.#* ,,,,,,* #......*
***,**** ,,,,,,****#......*
***,,,,,,* ,,,,,,,,,,.......*
**,,,,,,,,*
,,,*,,,,,,#......****,,*,,,,,,***
,,,,,,,,,,.......**,,,**,,,,,,**,


You could see 3 yaks.


Message History

* * * LOW HITPOINT WARNING * * *
You slash the unseen horror! The unseen horror hits you.
* * * LOW HITPOINT WARNING * * *
The unseen horror closely misses you.
You closely miss the unseen horror.
You feel less invigorated.
You feel less confused. The unseen horror hits you.
* * * LOW HITPOINT WARNING * * *
The unseen horror barely misses you. The unseen horror hits you.
* * * LOW HITPOINT WARNING * * *
You block the unseen horror's attack.
You feel yourself speed up. You block the unseen horror's attack.
The unseen horror hits you.
* * * LOW HITPOINT WARNING * * *
The unseen horror hits you.
* * * LOW HITPOINT WARNING * * *
You slash the unseen horror! You tail-slap the unseen horror.
The unseen horror hits you but does no damage.
You slash the unseen horror!
Your tail-slap misses the unseen horror.
You block the unseen horror's attack. The unseen horror barely misses you.
You barely miss the unseen horror.
The unseen horror hits you but does no damage.
Roll where?
Press: ? - help, Dir - move target, f - unseen horror
Aim: an unseen horror (severely wounded, slightly transparent)
You roll forward with a clatter of scales!
You closely miss the unseen horror. You tail-slap the unseen horror!
You barely miss the yak.
You hear a bellow!
The unseen horror hits you.
* * * LOW HITPOINT WARNING * * *
The yak barely misses you.
You slash the unseen horror!
You kill the unseen horror!
Qazlal accepts your kill.
You can now call upon nature to destroy your foes.
You slash the yak!
Okay, then.
You hit the yak but do no damage. The yak barely misses you.
You hit the yak but do no damage. You tail-slap the yak.
You hear the creaking of a very distant portcullis.
You hit the yak. The yak barely misses you.
You slash the yak! You tail-slap the yak. The yak gores you!
* * * LOW HITPOINT WARNING * * *
Okay, then.
You feel much better.
You hit the yak.
You tail-slap the yak, but do no damage.
The yak gores you.
* * * LOW HITPOINT WARNING * * *
You barely miss the yak.
Your tail-slap misses the yak.
The yak gores you.
* * * LOW HITPOINT WARNING * * *
You barely miss the yak. You barely miss the yak.
The yak gores you but does no damage.
You hit the yak.
You kill the yak!
Qazlal accepts your kill.
You have reached level 10!
You see here a yak corpse.
There is an open door here.
d - a wand of iceblast (9) (gained 2 charges)
You hear a bellow! x2
A yak comes into view.
The yak bellows!
You hear a bellow! x2 3 yaks come into view.
The yak bellows! x2
It was a potion of magic.
Magic courses through your body. The yak gores you but does no damage.
You fade into invisibility!
The yak barely misses you.
You barely miss the yak. You hit the yak but do no damage.
You tail-slap the yak, but do no damage.
The yak closely misses you.
You slash the yak! The yak closely misses you.
You slash the yak! You tail-slap the yak! You slash the yak!
You kill the yak!
Qazlal accepts your kill.
Your Fighting skill increases to level 9!
Your Axes skill increases to level 12!
You catch the helpless yak completely off-guard!
You hit the yak but do no damage. You slash the yak!
You tail-slap the yak, but do no damage.
The yak gores you but does no damage.
You barely miss the yak. The yak gores you!
* * * LOW HITPOINT WARNING * * *
You hear a bellow!
You closely miss the yak.
A yak comes into view.
You barely miss the yak.
The yak bellows!
The yak gores you but does no damage.
You barely miss the yak.
The yak bellows!
The yak gores you!
You die...

Skill      XL: |  1  2  3  4  5  6  7  8  9 10 |
---------------+-------------------------------+-----
Axes           | 3 4 5 6 7 9 11 12 | 12.0
Fighting       | 4 5 6 7 8 9 |  9.0
Armour         | |  2.4
Shields        | |  2.4

Action                   |  1- 3 |  4- 6 |  7- 9 | 10-12 || total
-------------------------+-------+-------+-------+-------++-------
Melee: War axe           |    94 |   106 |   297 |    11 ||   508
       Tailslap          |    11 |     6 |    54 |     3 ||    74
Invok: Upheaval          |       |       |     2 |       ||     2
 Abil: Rolling Charge    |     1 |     4 |    14 |       ||    19
Evoke: Wand              |       |       |     5 |       ||     5
  Use: Potion            |     1 |       |     5 |     2 ||     8
       Scroll            |       |     7 |     9 |       ||    16
 Stab: Invisible         |       |       |       |     1 ||     1
Armor: Scale mail        |    48 |    52 |    21 |       ||   121
       Leather armour    |       |       |    77 |       ||    77
       Acid dragon scale |       |       |    56 |     3 ||    59
Dodge: Dodged            |    27 |    35 |   138 |     3 ||   203
Block: Buckler           |    18 |    28 |    79 |       ||   125

Levels and vault maps discovered:
D:1:      denvon_arrival_planthouse, layout_rooms, chequers_decorated_corner,
          eino_curves_02
D:2:      layout_basic, ebering_ecumenical_altar_hall,
          wander_ebering_terrifying_dragon_lair, uniq_sigmund
D:3:      layout_loops_cross, nicolae_overflow_crystal_walls
D:4:      layout_loops_ring, nicolae_gozag_seed_capital, kennysheep_mini,
          serial_rivers, chequers_serial_rivers_micro_a,
          chequers_serial_rivers_marsh, chequers_serial_rivers_room_a,
          chequers_serial_rivers_micro_e, chequers_serial_rivers_small_3,
          chequers_serial_rivers_small_a
D:5:      layout_loops_ring, mainiacjoe_overflow_catwalk,
          nicolae_hepliaklqana_hippocampus, grunt_temple_overflow_diamond,
          uniq_edmund, uniq_eustachio
D:6:      layout_gridville, temple_doors_ab, serial_shops, shop,
          kennysheep_generic_room_14
D:7:      layout_basic, kennysheep_ying_yang
D:8:      kennysheep_spiral_hall, layout_loops_ring, lair_entry_dummy,
          st_stairs_5
D:9:      layout_roguey, nicolae_uskayaw_suspiria, kennysheep_slug_shrine,
          enter_bailey_8, chequers_avenue, minmay_misc_feat_more_columns,
          minmay_misc_feat_nine_boxes, uniq_erica
Temple:   eino_temple_lava

Notes
Turn   | Place    | Note
-------+----------+-------------------------------------------
     0 | D:1      | MalarOregon the Palentonga Fighter began the quest for the
                  | Orb.
     0 | D:1      | Reached XP level 1. HP: 19/19 MP: 1/1
    95 | D:1      | Reached XP level 2. HP: 25/25 MP: 2/2
   290 | D:1      | Reached skill level 3 in Axes
   506 | D:1      | Reached XP level 3. HP: 31/31 MP: 3/3
  1107 | D:2      | Noticed Sigmund
  1110 | D:2      | Killed Sigmund
  1111 | D:2      | Reached skill level 4 in Fighting
  1111 | D:2      | Reached skill level 4 in Axes
  1111 | D:2      | Reached XP level 4. HP: 28/39 MP: 4/4
  1111 | D:2      | Reached XP level 5. HP: 31/44 MP: 5/5
  1601 | D:2      | Reached skill level 5 in Axes
  1692 | D:2      | Found a faded altar of an unknown god.
  2279 | D:3      | Found a stormy altar of Qazlal.
  2328 | D:3      | Became a worshipper of Qazlal Stormbringer
  2407 | D:3      | Noticed a necrophage
  2417 | D:3      | Killed a necrophage
  2418 | D:3      | Reached XP level 6. HP: 33/52 MP: 6/6
  3016 | D:4      | You pick up a book of Weapons and begin reading...
  3016 | D:4      | You add the spells Portal Projectile, Excruciating Wounds
                  | and Blade Hands to your library.
  3076 | D:4      | Reached skill level 5 in Fighting
  3076 | D:4      | Reached skill level 6 in Axes
  3414 | D:4      | Found an opulent altar of Gozag.
  3593 | D:4      | Gained mutation: You curl defensively after being hit. (AC
                  | +7*) [Palentonga growth]
  3593 | D:4      | Reached XP level 7. HP: 48/59 MP: 7/7
  3891 | D:4      | Found a shimmering blue altar of Sif Muna.
  4189 | D:5      | Entered Level 5 of the Dungeon
  4191 | D:5      | Noticed Eustachio
  4362 | D:5      | Killed Eustachio
  4363 | D:5      | Reached skill level 7 in Axes
  4631 | D:5      | Noticed Edmund
  4649 | D:5      | Killed Edmund
  4862 | D:5      | HP: 4/60 [acid dragon/splash of acid (31)]
  4889 | D:6      | Reached skill level 6 in Fighting
  5022 | D:6      | Found Fetzuipe's Magic Scroll Boutique.
  5035 | D:6      | Reached XP level 8. HP: 58/68 MP: 8/8
  5171 | D:6      | Bought a scroll of teleportation for 45 gold pieces
  5171 | D:6      | Bought a scroll of magic mapping for 52 gold pieces
  5171 | D:6      | Bought a scroll of identify for 30 gold pieces
  5171 | D:6      | Bought a scroll of identify for 30 gold pieces
  5171 | D:6      | Bought a scroll of teleportation for 45 gold pieces
  5295 | D:6      | Found a staircase to the Ecumenical Temple.
  5331 | D:6      | Reached skill level 8 in Axes
  5751 | D:6      | Reached * piety under Qazlal
  5943 | D:6      | Reached skill level 9 in Axes
  6119 | D:6      | Reached skill level 7 in Fighting
  6400 | Temple   | Entered the Ecumenical Temple
  6552 | D:5      | Found a sparkling altar of Nemelex Xobeh.
  6760 | D:5      | Reached XP level 9. HP: 72/77 MP: 9/9
  6903 | D:5      | Reached skill level 10 in Axes
  6931 | D:5      | Found a shadowy altar of Dithmenos.
  6933 | D:5      | Found a glowing golden altar of the Shining One.
  6935 | D:5      | Found an ancient bone altar of Kikubaaqudgha.
  7048 | D:5      | Found a hazy altar of Hepliaklqana.
  7847 | D:7      | You pick up a book of Hexes and begin reading...
  7847 | D:7      | You add the spells Inner Flame, Cause Fear and Discord to
                  | your library.
  7952 | D:7      | Found a basalt altar of Yredelemnul.
  8084 | D:7      | Found a white marble altar of Elyvilon.
  8254 | D:8      | Reached skill level 8 in Fighting
  8404 | D:8      | Reached ** piety under Qazlal
  8405 | D:8      | Reached skill level 11 in Axes
  8670 | D:8      | Found a staircase to the Lair.
  9243 | D:9      | Noticed a troll
  9243 | D:9      | HP: 18/80 [killer bee (3)]
  9247 | D:9      | HP: 8/80 [poisoned by a killer bee]
  9382 | D:9      | Noticed an unseen horror
  9390 | D:9      | HP: 20/80 [unseen horror (2)]
  9394 | D:9      | HP: 8/80 [unseen horror (7)]
  9403 | D:9      | HP: 19/80 [unseen horror (4)]
  9408 | D:9      | Killed an unseen horror
  9412 | D:9      | HP: 2/80 [yak (12)]
  9419 | D:9      | Reached XP level 10. HP: 23/87 MP: 10/10
  9435 | D:9      | Reached skill level 9 in Fighting
  9435 | D:9      | Reached skill level 12 in Axes
  9437 | D:9      | HP: 13/88 [yak (13)]
  9440 | D:9      | Slain by a yak

Vanquished Creatures
  An unseen horror (D:9)
  Sigmund (D:2)
  2 yaks (D:9)
  A wyvern (D:8)
  Eustachio (D:5)
  Edmund (D:5)
  2 black bears
  2 sky beasts
  A necrophage (D:3)
  5 centaurs
  2 ogres (D:6)
  A phantom (D:5)
  2 kobold brigands
  3 scorpions
  2 water moccasin skeletons (D:5)
  A wyvern skeleton (D:7)
  5 killer bees
  5 wights (D:8)
  6 howler monkeys
  3 centaur zombies
  3 hounds
  An orc priest (D:6)
  2 iguanas
  4 orc wizards (D:6)
  A killer bee zombie (D:7)
  A howler monkey zombie (D:7)
  8 gnolls
  8 adders
  A shadow imp (D:7)
  A white imp (D:8)
  An adder skeleton (D:4)
  2 worms
  A dart slug (D:1)
  13 orcs
  5 ball pythons
  9 endoplasms
  3 giant cockroaches
  4 goblins
  7 hobgoblins
  7 jackals
  10 kobolds
  4 quokkas
  5 bats
  2 frilled lizards
  4 rats (D:1)
154 creatures vanquished.

Vanquished Creatures (collateral kills)
  An acid dragon (D:5)
1 creature vanquished.

Grand Total: 155 creatures vanquished

Table legend:
 A = Non-vault XP
 B = Vault XP
 C = Vault XP percentage of total XP
 D = Non-vault monster count
 E = Vault monster count
 F = Vault count percentage of total count
                 A         B        C        D         E       F
            +---------+---------+-------+---------+---------+-------
      Total |    4779 |    1092 |  18.6 |     144 |      11 |   7.1
            +---------+---------+-------+---------+---------+-------
        D:1 |      56 |       0 |   0.0 |      30 |       0 |   0.0
        D:2 |      66 |     221 |  77.0 |      15 |       2 |  11.8
        D:3 |     161 |       0 |   0.0 |      10 |       0 |   0.0
        D:4 |     321 |       0 |   0.0 |      14 |       0 |   0.0
        D:5 |     813 |     365 |  31.0 |      22 |       2 |   8.3
        D:6 |    1154 |       0 |   0.0 |      26 |       0 |   0.0
        D:7 |     467 |       0 |   0.0 |       9 |       0 |   0.0
        D:8 |     675 |     506 |  42.8 |      11 |       7 |  38.9
        D:9 |    1066 |       0 |   0.0 |       7 |       0 |   0.0
            +---------+---------+-------+---------+---------+-------

Illustrated notes

Table legend:
 A = Kills in this place as a percentage of kills in entire the game.
 B = Kills by you in this place as a percentage of kills by you in the entire game.
 C = Kills by friends in this place as a percentage of kills by friends in the entire game.
 D = Other kills in this place as a percentage of other kills in the entire game.
 E = Experience gained in this place as a percentage of experience gained in the entire game.
 F = Experience gained in this place divided by the number of levels of this place that you have seen.
                   A       B       C       D       E      F
               +-------+-------+-------+-------+-------+----------------------
         Total | 100.0 | 100.0 | 100.0 |   N/A | 100.0 | 587.1
       Dungeon | 100.0 | 100.0 | 100.0 |   N/A | 100.0 | 652.3
               +-------+-------+-------+-------+-------+----------------------

Table legend: (Time is in decaauts)
 A = Elapsed time spent in this place.
 B = Non-inter-level travel time spent in this place.
 C = Inter-level travel time spent in this place.
 D = Time resting spent in this place.
 E = Time spent auto-exploring this place.
 F = Levels seen in this place.
 G = Mean time per level.
                   A        B        C        D        E       F      G
               +--------+--------+--------+--------+--------+-----+--------+
         Total |   9532 |   9000 |    532 |   1067 |   6547 |  10 |  953.2 |
       Dungeon |   9458 |   8932 |    526 |   1067 |   6484 |   9 | 1050.9 |
        Temple |     73 |     67 |      6 |      0 |     63 |   1 |   73.0 |
               +--------+--------+--------+--------+--------+-----+--------+

Top non-repeatable levels by time:
     D:6: 1656 daAuts
     D:4: 1556 daAuts
     D:2: 1280 daAuts
     D:5: 1164 daAuts
     D:8: 1032 daAuts
     D:1: 976 daAuts
     D:7: 831 daAuts
     D:3: 803 daAuts
     D:9: 157 daAuts
  Temple: 73 daAuts
